 Dungeon Crawl Stone Soup version 0.23.2-30-g0e89c35649 (webtiles) character file.

Game seed: 1682556946687866767

627105 sankara the Slayer (level 27, -3/239 HPs)
             Began as a Hill Orc Fighter on May 31, 2019.
             Was the Champion of Makhleb.
             Killed by drain life
             ... invoked by a deathcap
             ... summoned by a curse toe
              (4 damage)
             ... on level 4 of the Realm of Zot on June 7, 2019.
             The game lasted 07:44:22 (62044 turns).

sankara the Slayer (Hill Orc Fighter)              Turns: 62044, Time: 07:44:23

Health: -3/239     AC: 49    Str: 36    XL:     27
Magic:  37/37      EV: 13    Int: 10    God:    Makhleb [******]
Gold:   2896       SH: 20    Dex:  6    Spells: 9/26 levels left

rFire    + + .     SeeInvis .   a - +5 broad axe of Doom {protect, +Rage rC+ rN+}
rCold    + . .     Gourm    .   c - +0 shield
rNeg     + + .     Faith    .   Q - +3 gold dragon scales
rPois    +         Spirit   .   M - +1 helmet of Wodoob {Str+6}
rElec    +         Reflect  +   B - +1 cloak of Magic {rC- MR++}
rCorr    +         Harm     .   J - +1 pair of gloves of Divine Intervention {Regen+ rCorr Int-4 Stlth+}
MR       ++++.                  G - +2 pair of boots {run}
Stlth    ..........             u - +5 amulet of reflection
HPRegen  0.00/turn              N - ring of Liberty {Wiz rElec Int+4}
MPRegen  0.25/turn              K - ring "Dulamoi" {+Fly rF+ rN+}

@: protection aura, quick
A: clumsy 2, frail 1, inhibited regeneration, subdued magic 1
}: 3/15 runes: decaying, serpentine, silver
a: Minor Destruction, Lesser Servant of Makhleb, Major Destruction, Greater
Servant of Makhleb, Renounce Religion, Evoke Berserk Rage, Evoke Flight


You were on level 4 of the Realm of Zot.
You worshipped Makhleb.
Makhleb was exalted by your worship.
You were not hungry.

You visited 10 branches of the dungeon, and saw 49 of its levels.
You visited 1 bazaar.
You also visited: Gauntlet, Ice Cave and Wizlab.

You collected 7257 gold pieces.
You spent 4361 gold pieces at shops.

Inventory:

Hand Weapons
 a - the +5 broad axe of Doom (weapon) {protect, +Rage rC+ rN+}
   (You found it on level 2 of the Snake Pit)

   It protects the one who uses it against injury (+AC on strike).
   It protects you from cold.
   It protects you from negative energy.
   It lets you go berserk.
 b - a +9 trishula of holy wrath
   (You took it off Mennas on level 3 of the Vaults)
Missiles
 C - 12 javelins (quivered)
Armour
 c - a +0 shield (worn)
 B - the +1 cloak of Magic (worn) {rC- MR++}
   (You found it on level 3 of the Depths)

   It makes you vulnerable to cold.
   It affects your resistance to hostile enchantments.
 G - a +2 pair of boots of running (worn)
   (You found it in an ice cave)
 J - the +1 pair of gloves of Divine Intervention (worn) {Regen+ rCorr Int-4 Stlth+}
   (You found it in a Gauntlet)

   It affects your intelligence (-4).
   It increases your rate of regeneration.
   It provides partial protection from all sources of acid and corrosion.
   It makes you more stealthy.
 M - the +1 helmet of Wodoob (worn) {Str+6}
   (You bought it in a shop on level 1 of the Depths)

   It affects your strength (+6).
 Q - +3 gold dragon scales (worn)
   (You found it on level 4 of the Depths)
Magical Staves
 E - an uncursed staff of summoning {!a}
   (You found it on level 3 of the Elven Halls)
Jewellery
 o - the ring of Quastu {+Fly rF+ MR+ Int+2}
   (You found it in a wizard's laboratory)

   [ring of flight]

   It affects your intelligence (+2).
   It protects you from fire.
   It affects your resistance to hostile enchantments.
   It lets you fly.
 u - a +5 amulet of reflection (around neck)
   (You found it on level 1 of the Swamp)
 w - an uncursed ring of see invisible {sInv, !d}
   (You bought it in a shop on level 3 of the Depths)
 F - the ring of Sif Muna's Benevolence {rC+ rN+ Dex+4}
   (You found it on level 5 of the Depths)

   [ring of dexterity]

   It affects your dexterity (+4).
   It protects you from cold.
   It protects you from negative energy.
 K - the ring "Dulamoi" (right hand) {+Fly rF+ rN+}
   (You bought it in a shop on level 2 of the Orcish Mines)

   [ring of protection from fire]

   It protects you from fire.
   It protects you from negative energy.
   It lets you fly.
 N - the ring of Liberty (left hand) {Wiz rElec Int+4}
   (You found it in a Gauntlet)

   [ring of wizardry]

   It improves your spell success rate.
   It affects your intelligence (+4).
   It insulates you from electricity.
Wands
 i - a wand of digging (9)
   (You found it on level 2 of the Swamp)
 t - a wand of scattershot (17)
   (You found it on level 13 of the Dungeon)
 D - a wand of disintegration (13)
   (You found it on level 3 of the Depths)
 R - a wand of paralysis (13)
   (You took it off Maurice on level 9 of the Dungeon)
Scrolls
 e - 27 scrolls of teleportation
 j - 8 scrolls of fog
 n - 20 scrolls of remove curse
 q - 3 scrolls of identify
 v - 11 scrolls of fear
 y - 3 scrolls of amnesia
 z - 3 scrolls of magic mapping {!r}
 H - 6 scrolls of holy word {!r}
 I - 5 scrolls of blinking {!r}
 S - 5 scrolls of silence
 V - 4 scrolls of summoning
Potions
 d - 7 potions of might
 g - 11 potions of flight
 h - 8 potions of invisibility
 k - 24 potions of heal wounds
 m - 5 potions of cancellation
 p - 3 potions of agility
 r - 21 potions of curing
 s - 6 potions of resistance
 x - 6 potions of haste
 O - 7 potions of berserk rage {!q}
 Y - 13 potions of brilliance
Miscellaneous
 l - 2 phantom mirrors
 T - 5 sacks of spiders
 W - a lightning rod (4/4)
   (You found it on level 1 of the Lair of Beasts)
 X - a fan of gales
   (You found it on level 5 of the Vaults)
Comestibles
 f - 89 rations


   Skills:
 - Level 25.0 Fighting
 - Level 18.0(19.1) Axes
 - Level 10.2(14.0) Polearms
 - Level 3.0 Throwing
 - Level 25.0 Armour
 + Level 17.6 Dodging
 - Level 15.0 Shields
 + Level 17.1 Summonings
 - Level 4.0 Air Magic
 - Level 20.0 Invocations
 - Level 5.0 Evocations


You had 9 spell levels left.
You knew the following spells:

 Your Spells              Type           Power        Failure   Level  Hunger
a - Blink                 Tloc           N/A          65%         2    ###....
b - Call Imp              Summ           ####....     1%          2    ###....
c - Summon Butterflies    Summ           ####....     1%          1    ##.....
d - Aura of Abjuration    Summ           ####......   1%          5    ######.
e - Summon Lightning Spi  Summ/Air       ###.....     8%          4    #####..
f - Swiftness             Chrm/Air       #.......     38%         2    ###....
g - Apportation           Tloc           #.....       52%         1    ##.....

Your spell library contained the following spells:

 Spells                   Type           Power        Failure   Level  Hunger
 Summon Small Mammal      Summ           ####         1%          1    ##.....
 Call Canine Familiar     Summ           ####....     1%          3    ####...
 Summon Guardian Golem    Hex/Summ       ##......     5%          3    ####...
 Summon Ice Beast         Ice/Summ       ##......     17%         4    #####..
 Shock                    Conj/Air       #...         26%         1    ##.....
 Poisonous Vapours        Pois/Air       #.....       38%         2    ###....
 Monstrous Menagerie      Summ           ####......   41%         7    #######
 Summon Greater Demon     Summ           ####......   41%         7    #######
 Summon Hydra             Summ           ####......   41%         7    #######
 Summon Forest            Summ/Tloc      ##........   45%         5    ######.
 Summon Mana Viper        Hex/Summ       ##......     45%         5    ######.
 Animate Skeleton         Necr           N/A          52%         1    ##.....
 Beastly Appendage        Tmut           #.....       52%         1    ##.....
 Confusing Touch          Hex            #.....       52%         1    ##.....
 Corona                   Hex            #......      52%         1    ##.....
 Magic Dart               Conj           #...         52%         1    ##.....
 Sandblast                Erth           #.....       52%         1    ##.....
 Sting                    Conj/Pois      #...         52%         1    ##.....
 Static Discharge         Conj/Air       #.......     61%         3    ####...
 Corpse Rot               Necr           N/A          65%         2    ###....
 Ensorcelled Hibernation  Hex/Ice        #.....       65%         2    ###....
 Passwall                 Tmut/Erth      #.......     65%         2    ###....
 Searing Ray              Conj           #.....       65%         2    ###....
 Shroud of Golubria       Chrm/Tloc      #.........   65%         2    ###....
 Slow                     Hex            #.......     65%         2    ###....
 Sticks to Snakes         Tmut           #.......     65%         2    ###....
 Sublimation of Blood     Necr           #.........   65%         2    ###....
 Mephitic Cloud           Conj/Pois/Air  #.......     71%         3    ####...
 Airstrike                Air            #.........   73%         4    #####..
 Confuse                  Hex            #.......     86%         3    ####...
 Conjure Flame            Conj/Fire      #.......     86%         3    ####...
 Dazzling Spray           Conj/Hex       #.....       86%         3    ####...
 Gell's Gravitas          Tloc           #.........   86%         3    ####...
 Ignite Poison            Fire/Tmut/Pois #.......     86%         3    ####...
 Inner Flame              Hex/Fire       #.......     86%         3    ####...
 Lesser Beckoning         Tloc           #.........   86%         3    ####...
 Portal Projectile        Hex/Tloc       #.....       86%         3    ####...
 Spider Form              Tmut/Pois      #.........   86%         3    ####...
 Stone Arrow              Conj/Erth      #.....       86%         3    ####...
 Teleport Other           Tloc           #.......     86%         3    ####...
 Tukima's Dance           Hex            #.......     86%         3    ####...
 Summon Horrible Things   Summ           ####......   97%         8    #######
 Cause Fear               Hex            #.........   99%         4    #####..
 Force Lance              Conj/Tloc      #.......     99%         4    #####..
 Fulminant Prism          Conj/Hex       #.........   99%         4    #####..
 Ice Form                 Ice/Tmut       #.......     99%         4    #####..
 Iskenderun's Mystic Bla  Conj           #.......     99%         4    #####..
 Leda's Liquefaction      Hex/Erth       #.........   99%         4    #####..
 Olgreb's Toxic Radiance  Pois           #.......     99%         4    #####..
 Passage of Golubria      Tloc           N/A          99%         4    #####..
 Petrify                  Tmut/Erth      #.......     99%         4    #####..
 Sticky Flame             Conj/Fire      #.......     99%         4    #####..
 Agony                    Necr           #.......     100%        5    ######.
 Alistair's Intoxication  Tmut/Pois      #.......     100%        5    ######.
 Blade Hands              Tmut           #.........   100%        5    ######.
 Bolt of Draining         Conj/Necr      #.........   100%        5    ######.
 Bolt of Magma            Conj/Fire/Erth #.........   100%        5    ######.
 Dispel Undead            Necr           #.......     100%        5    ######.
 Excruciating Wounds      Chrm/Necr      #.........   100%        5    ######.
 Fireball                 Conj/Fire      #.........   100%        5    ######.
 Irradiate                Conj/Tmut      #.........   100%        5    ######.
 Iskenderun's Battlesphe  Conj/Chrm      #.......     100%        5    ######.
 Lee's Rapid Deconstruct  Erth           #.........   100%        5    ######.
 Lightning Bolt           Conj/Air       #.........   100%        5    ######.
 Metabolic Englaciation   Hex/Ice        #.........   100%        5    ######.
 Venom Bolt               Conj/Pois      #.........   100%        5    ######.
 Yara's Violent Unravell  Hex/Tmut       #.........   100%        5    ######.
 Bolt of Fire             Conj/Fire      #.........   100%        6    #######
 Hydra Form               Tmut           #.........   100%        6    #######
 Invisibility             Hex            #.......     100%        6    #######
 Iron Shot                Conj/Erth      #.........   100%        6    #######
 Ozocubu's Refrigeration  Ice            #.........   100%        6    #######
 Statue Form              Tmut/Erth      #........    100%        6    #######
 Haunt                    Necr/Summ      ##........   100%        7    #######
 Malign Gateway           Summ/Tloc      ##........   100%        7    #######
 Orb of Destruction       Conj           #.........   100%        7    #######
 Ring of Flames           Chrm/Fire      #.........   100%        7    #######
 Spellforged Servitor     Conj/Summ      ##........   100%        7    #######
 Borgnjor's Revivificati  Necr           #.........   100%        8    #######
 Death's Door             Chrm/Necr      #.........   100%        8    #######
 Ignition                 Fire           #.........   100%        8    #######
 Infestation              Necr           #.........   100%        8    #######
 Necromutation            Tmut/Necr      #.........   100%        8    #######
 Shatter                  Erth           #.........   100%        9    #######
 Tornado                  Air            #.........   100%        9    #######


Dungeon Overview and Level Annotations

Branches:
Dungeon (15/15)            Temple (1/1) D:6            Lair (6/6) D:10
  Swamp (4/4) Lair:4        Snake (4/4) Lair:3        Slime (0/5) Lair:5
    Orc (2/2) D:12            Elf (3/3) Orc:2        Vaults (5/5) D:14
  Crypt (0/3) Vaults:2     Depths (5/5) D:15            Zot (3/5) Depths:5

Altars:
Ashenzari
Cheibriados
Dithmenos
Elyvilon
Fedhas
Gozag
Hepliaklqana
Kikubaaqudgha
Makhleb
Nemelex Xobeh
Okawaru
Qazlal
Ru
Sif Muna
Trog
Uskayaw
Vehumet
Wu Jian
Xom
Yredelemnul
Zin
The Shining One
Beogh

Shops:
D:7 !**?[   D:8 (}   D:11 =%%((   Orc:2 (=*[=   Elf:1 =   Vaults:4 !
Depths:1 *[:*   Depths:3 =   Depths:4 *

Portals:
Hell: Depths:1 Depths:2 Depths:3 Depths:4 Depths:5
Abyss: Depths:4
Pandemonium: Depths:1 Depths:3 Depths:5
Ziggurat: Depths:5


Innate Abilities, Weirdness & Mutations

You are very clumsy. (Dex -4)
You are frail. (-10% HP)
You do not regenerate when monsters are visible.
Your spells are a little easier to cast, but a little less powerful.


Message History

* * * LOW HITPOINT WARNING * * *
The wandering mushroom closely misses you.
The deathcap draws from the surrounding life force!
* * * LOW HITPOINT WARNING * * *
The deathcap releases spores at you but does no damage. x2
A yellow draconian scorcher comes into view.
It is wielding a +0 long sword.
The deathcap draws from the surrounding life force!
* * * LOW HITPOINT WARNING * * *
The deathcap is healed.
You feel much better.
The deathcap draws from the surrounding life force!
* * * LOW HITPOINT WARNING * * *
The deathcap is healed.
The wandering mushroom barely misses you.
The deathcap releases spores at you but does no damage. x2
The deathcap draws from the surrounding life force!
* * * LOW HITPOINT WARNING * * *
The deathcap is healed.
You bump into the rock wall.
The deathcap closely misses you.
The wandering mushroom barely misses you.
The deathcap draws from the surrounding life force!
* * * LOW HITPOINT WARNING * * *
The deathcap releases spores at you but does no damage.
The deathcap barely misses you. The deathcap closely misses you.
Okay, then.
You feel better. You block the deathcap's attack.
The deathcap barely misses you.
You block the wandering mushroom's attack.
The deathcap draws from the surrounding life force!
* * * LOW HITPOINT WARNING * * *
The deathcap draws from the surrounding life force!
* * * LOW HITPOINT WARNING * * *
You block the deathcap's attack.
A yellow draconian annihilator comes into view.
It is wielding a +0 dagger.
The deathcap closely misses you.
A demon appears!
The yellow draconian annihilator roars!
You block the deathcap's attack. x2
The wandering mushroom releases spores at you but does no damage.
The deathcap releases spores at you!
* * * LOW HITPOINT WARNING * * *
You are engulfed in a cloud of spores!
The curse toe gestures.
The yellow draconian annihilator mumbles some strange words.
The yellow draconian annihilator blinks!
You block the deathcap's attack.
You hit the curse toe but do no damage.
Your weapon exudes an aura of protection.
The curse toe is moderately damaged.
You slash the wandering mushroom! You slice the deathcap!!
You slash the deathcap! You slice the deathcap!! x2
A black draconian shifter comes into view.
It is wielding a +0 long sword.
You block the deathcap's attack.
You block the wandering mushroom's attack.
A green draconian knight comes into view.
It is wielding a +0 great sword.
The deathcap releases spores at you!
* * * LOW HITPOINT WARNING * * *
You are engulfed in a cloud of spores!
You are confused.
The deathcap releases spores at you but does no damage.
The deathcap draws from the surrounding life force!
* * * LOW HITPOINT WARNING * * *
The curse toe calls on the powers of darkness!
The yellow draconian scorcher convulses!
Your body is wracked with pain!
* * * LOW HITPOINT WARNING * * *
The black draconian shifter convulses!
The black draconian shifter roars!
The green draconian knight convulses!
You're too confused!
You feel better.
The deathcap releases spores at you but does no damage.
Your blizzard demon hits the wandering mushroom!
Your blizzard demon hits the wandering mushroom.
You block the deathcap's attack.
The green draconian knight casts a spell.
The green draconian knight seems to speed up.
You block the wandering mushroom's attack.
The deathcap draws from the surrounding life force!
* * * LOW HITPOINT WARNING * * *
The deathcap completely misses you. The deathcap releases spores at you!
* * * LOW HITPOINT WARNING * * *
You are engulfed in a cloud of spores!
Really read
I - 6 scrolls of blinking {!r}?
Your blink will be uncontrolled - continue anyway?
The Orb prevents control of your translocation!
You blink.
As you read the scroll of blinking {!r}, it crumbles to dust.
A white draconian comes into view.
It is wielding a +1 dire flail of holy wrath.
The white draconian roars!
You hear a roar!
You block the yellow draconian scorcher's attack.
The deathcap draws from the surrounding life force!
* * * LOW HITPOINT WARNING * * *
The deathcap is healed.
The black draconian shifter gestures wildly while chanting.
The wandering mushroom blinks! x2; The white draconian blinks!
You block the white draconian's attack.
A green draconian comes into view. It is wielding a +0 dire flail.
The deathcap draws from the surrounding life force!
You die... ###.. .. ....# . ..^# .# #!.# .# #..# §d# #§f######§.# #§ffffffqq<#

#fz§fzq@d..#
#ff######..#
#2f# q#
#ff######..#
#..........
####
#..........
#..#
#..#######.
#..# #..#
#..# #..##


You could see a green draconian knight, a green draconian, a white draconian, 2
curse toes, a black draconian shifter, a yellow draconian annihilator, a yellow
draconian scorcher, 7 deathcaps and 4 wandering mushrooms.

Vanquished Creatures
  An orb of fire (Zot:3)
  An ancient lich (Vaults:5)
  Sojobo (Vaults:3)
  Bai Suzhen (Depths:2)
  Saint Roka (Depths:1)
  2 curse toes
  4 caustic shrikes
  Nikola (Elf:1)
  13 golden dragons
  An electric golem (Zot:1)
  The ghost of totalnoob the Warrior, an adept MfSu of Ashenzari (Depths:4)
  Jorgrun (Swamp:3)
  Rupert (Snake:1)
  6 titans
  2 deep elf blademasters (Elf:2)
  18 tentacled monstrosities
  7 liches
  7 quicksilver dragons
  A deep elf master archer (Elf:3)
  5 sphinxes
  2 thorn hunters
  18 storm dragons
  3 death cobs
  Roxanne (D:14)
  6 tengu reavers
  5 draconian monks
  Kirke (Elf:1)
  8 nagarajas
  12 shadow dragons
  12 frost giants
  10 fire giants
  2 orc warlords
  8 deep elf sorcerers
  A ghost moth (Zot:2)
  A balrug (Depths:3)
  2 iron dragons
  Louise (Snake:3)
  4 draconian scorchers
  4 draconian knights
  The ghost of Sassenached the Carver, a journeyman DsGl of Makhleb (Snake:2)
  Aizul (Snake:3)
  4 draconian shifters
  21 vault wardens
  13 ironheart preservers
  14 stone giants
  5 deep elf elementalists
  A draconian stormcaller (Zot:1)
  3 spriggan defenders
  4 draconian annihilators
  33 very ugly things
  2 war gargoyles (Vaults:5)
  4 vampire knights
  An entropy weaver (Vaults:4)
  6 black draconians
  2 green draconians
  3 deep elf demonologists
  2 dire elephants
  A minotaur (Gauntlet)
  6 white draconians
  7 deep elf annihilators
  5 yellow draconians
  A spark wasp (shapeshifter) (D:15)
  2 spark wasps
  8 purple draconians
  Azrael (D:14)
  A blizzard demon (WizLab)
  5 red draconians
  A crystal guardian (Vaults:4)
  9 ettins
  3 deep elf death magi
  6 jiangshi
  11 yaktaur captains
  5 great orbs of eyes
  Fannar (Lair:1)
  11 fire dragons
  23 hydras
  9 deep elf high priests
  8 rakshasas
  42 vault guards
  A hell beast (Depths:1)
  2 spriggan air magi
  11 ice dragons
  13 naga warriors
  12 ghost crabs
  A shambling mangrove (Swamp:1)
  13 anacondas
  10 centaur warriors
  A catoblepas (Lair:6)
  2 death knights
  11 deep troll shamans
  10 death yaks
  19 dancing weapons
  4 vampire magi
  39 two-headed ogres
  9 alligators
  12 ogre magi
  6 deep troll earth magi
  8 tengu warriors
  18 hell knights
  4 spriggan berserkers
  Nergalle (Orc:2)
  2 thrashing horrors (Gauntlet)
  3 orc high priests
  Sonja (D:11)
  A soul eater (Depths:1)
  16 shock serpents
  15 naga sharpshooters
  4 iron trolls (Depths:3)
  26 deep elf knights
  11 salamander mystics
  2 skeletal warriors (D:15)
  A large abomination (Vaults:5)
  3 shadow wraiths
  An unseen horror (shapeshifter) (Vaults:1)
  A golden dragon zombie (Depths:3)
  2 spriggan druids
  3 unseen horrors
  A glowing orange brain (shapeshifter) (Vaults:5)
  10 swamp dragons
  3 flayed ghosts
  A gelid demonspawn (Depths:3)
  A golden dragon skeleton (Depths:3)
  A lindwurm (shapeshifter) (Depths:1)
  17 naga ritualists
  4 glowing orange brains
  8 deep elf archers
  24 deep trolls
  5 phantasmal warriors
  Pikel (D:9)
  5 death drakes (WizLab)
  A spectral hydra (Lair:6)
  A tengu zombie (Depths:2)
  2 wizards
  13 orc knights
  5 harpies (Vaults:2)
  5 necromancers
  21 ironbrand convokers
  A harpy (shapeshifter) (Vaults:1)
  A wolf spider (Vaults:4)
  47 ugly things
  7 orc sorcerers
  12 mana vipers
  A sphinx skeleton (Depths:3)
  66 deep elf magi
  13 moths of wrath
  2 tengu skeletons
  A mana viper (shapeshifter) (Depths:4)
  A manticore (D:15)
  A shining eye (shapeshifter) (Depths:1)
  A fire giant skeleton (Depths:3)
  40 elephants
  2 frost giant zombies
  11 cyclopes
  27 salamanders
  30 naga magi
  3 centaur zombies
  A guardian serpent (shapeshifter) (Depths:4)
  6 guardian serpents
  Maurice (D:9)
  An ice statue (IceCv)
  2 black mambas (shapeshifter)
  38 black mambas
  8 vault sentinels
  A human skeleton (Vaults:2)
  15 spiny frogs
  A spiny frog (shapeshifter) (Depths:5)
  An apocalypse crab (WizLab)
  3 gargoyles
  A frost giant skeleton (Depths:3)
  2 torpor snails
  A smoke demon (Depths:3)
  7 rime drakes
  42 yaktaurs
  A spark wasp simulacrum (Depths:3)
  A redback zombie (D:14)
  3 freezing wraiths
  A hellwing (Depths:3)
  A kobold demonologist (D:13)
  2 tengu conjurers
  An ice devil (Depths:3)
  5 komodo dragons
  2 wind drakes (WizLab)
  3 polar bears (shapeshifter)
  A queen bee (shapeshifter) (Depths:1)
  13 hornets
  7 tyrant leeches
  13 trolls
  15 polar bears
  A wolf spider simulacrum (Vaults:1)
  14 bog bodies
  54 slime creatures
  10 hippogriffs
  10 blink frogs
  A meliai zombie (D:13)
  A wind drake (shapeshifter) (Depths:4)
  A spriggan zombie (Depths:2)
  An iron dragon simulacrum (Depths:3)
  A raiju (Gauntlet)
  12 dream sheep
  A stone giant simulacrum (Vaults:3)
  A spectral black mamba (Lair:6)
  Sigmund (D:6)
  2 ettin skeletons (Vaults:2)
  9 air elementals
  A centaur simulacrum (D:14)
  A redback (Vaults:4)
  2 ynoxinuls (Depths:1)
  7 spriggans
  A spriggan (shapeshifter) (Vaults:3)
  4 hogs (D:7)
  4 shadows
  4 basilisks
  2 water elementals (Elf:1)
  A tarantella (shapeshifter) (D:15)
  5 wraiths
  2 wyverns
  A redback (shapeshifter) (Depths:5)
  3 vampires (Vaults:2)
  5 fire elementals
  70 yaks
  A basilisk (shapeshifter) (Vaults:1)
  20 humans
  A death yak simulacrum (Lair:6)
  A golden eye (shapeshifter) (Elf:3)
  2 hungry ghosts
  Grum (Lair:1)
  12 vampire mosquitoes
  A steam dragon (Gauntlet)
  A neqoxec (Depths:1)
  A warg (shapeshifter) (D:15)
  15 wargs
  12 insubstantial wisps
  51 nagas
  A hydra simulacrum (Lair:6)
  3 acid dragons
  15 swamp worms
  20 water moccasins
  4 hell hounds (D:14)
  8 porcupines
  5 small abominations
  3 floating eyes
  A hornet zombie (D:15)
  A spectral torpor snail (Lair:6)
  17 swamp drakes
  44 orc warriors
  An ice beast (D:15)
  2 black bears (shapeshifter)
  3 phantoms
  A slave (D:9)
  4 sky beasts
  2 ogres (shapeshifter)
  3 black bears
  31 ogres
  2 eyes of draining (D:13)
  A wolf (shapeshifter) (Depths:4)
  7 boggarts
  34 wolves
  22 centaurs
  An elf simulacrum (Depths:3)
  4 big kobolds
  12 crocodiles
  16 bullfrogs
  4 earth elementals
  A wyvern zombie (D:10)
  3 gnoll sergeants (D:12)
  A water moccasin zombie (D:9)
  A wyvern skeleton (D:8)
  5 scorpions
  A water moccasin skeleton (D:10)
  A human simulacrum (Vaults:2)
  5 killer bees (D:7)
  A spectral ogre (Orc:2)
  A howler monkey (D:6)
  4 bullfrog zombies
  13 crimson imps
  A quasit (Depths:3)
  5 jellies
  39 orc wizards
  4 centaur skeletons
  21 orc priests
  6 hounds
  2 bullfrog skeletons
  5 iron imps
  8 iguanas
  Terence (D:3)
  4 hell rats (Lair:3)
  2 spectral orcs (Orc:2)
  11 worker ants
  A killer bee zombie (D:6)
  A hound zombie (D:9)
  A hound skeleton (D:6)
  2 gnolls (D:12)
  A howler monkey skeleton (D:6)
  12 adders
  2 ogre simulacra
  3 shadow imps
  A white imp (Depths:3)
  An ufetubus (Depths:3)
  13 oozes
  2 orc simulacra (Orc:2)
  3 leopard geckos
  132 orcs
  3 bats
  A giant cockroach (D:3)
  8 hobgoblins
  14 jackals
  16 kobolds
  A quokka (D:7)
  4 frilled lizards
  8 goblins
  A jackal skeleton (D:4)
  A quokka zombie (D:6)
  6 rats
  5 briar patches (Swamp:1)
  7 crawling corpses
  9 fungi
  11 plants
2397 creatures vanquished.

Vanquished Creatures (collateral kills)
  Mara (Elf:3)
  Mennas (Vaults:3)
  the Lernaean hydra (Swamp:4)
  A golden dragon (Vaults:5)
  A Cloud Mage (WizLab)
  2 tentacled monstrosities (Vaults:5)
  A storm dragon (Vaults:5)
  2 tengu reavers
  A frost giant (Vaults:5)
  2 deep elf sorcerers (Elf:3)
  A fire giant (Depths:1)
  2 cacodemons (Depths:4)
  3 deep elf annihilators (Elf:3)
  A deep elf demonologist (Elf:3)
  A stone giant (Depths:2)
  The ghost of Sassenached the Martial Artist, a journeyman DsWn of Makhleb (Lair:6)
  An ettin (Depths:1)
  2 deep elf death magi (Elf:3)
  3 fire dragons
  2 great orbs of eyes
  A vault guard (Vaults:5)
  A rakshasa (Depths:1)
  A ghost crab (WizLab)
  A centaur warrior (Depths:1)
  An anaconda (shapeshifter) (Depths:4)
  The ghost of Labyrinth the Basher, a novice MiHu of Yredelemnul (Orc:2)
  A shambling mangrove (Swamp:3)
  A shock serpent (Snake:1)
  2 dancing weapons (Elf:2)
  A deep elf knight (Elf:2)
  A naga sharpshooter (Snake:2)
  A fire crab (shapeshifter) (Depths:4)
  A deep elf archer (Elf:1)
  A swamp dragon (shapeshifter) (Depths:4)
  An orc knight (Orc:2)
  An ironbrand convoker (Vaults:3)
  An orc sorcerer (Depths:1)
  3 deep elf magi
  An ugly thing (Vaults:3)
  2 salamanders
  A black mamba (Snake:2)
  A naga mage (Snake:1)
  A vault sentinel (Vaults:5)
  A komodo dragon (D:10)
  4 slime creatures (Depths:2)
  4 hornets
  A bog body (Swamp:4)
  2 water elementals
  2 air elementals (Elf:1)
  A wraith (D:14)
  2 yaks (D:10)
  An insubstantial wisp (Swamp:1)
  3 orc warriors
  A swamp drake (Swamp:4)
  2 boggarts (Vaults:3)
  2 ogres (D:12)
  A centaur (shapeshifter) (Depths:4)
  2 big kobolds (D:12)
  Blork the orc (Orc:2)
  A bullfrog (Lair:1)
  3 gnoll sergeants (D:12)
  3 orc simulacra (Orc:2)
  2 orcs
96 creatures vanquished.

Vanquished Creatures (others)
  A deep elf master archer (Elf:3)
  A tengu reaver (Vaults:3)
  A fire giant (Depths:5)
  A stone giant (Depths:1)
  A yaktaur captain (Vaults:1)
  2 blizzard demons (WizLab)
  A deep elf high priest (Elf:3)
  2 hydras
  An anaconda (Snake:4)
  2 centaur warriors
  3 naga sharpshooters
  2 shock serpents (WizLab)
  6 deep elf archers
  2 deep elf magi
  A necromancer (Depths:2)
  A phantasmal warrior (Vaults:5)
  2 cyclopes (Vaults:1)
  An apocalypse crab (WizLab)
  A naga mage (Snake:4)
  5 yaktaurs
  2 wind drakes (WizLab)
  A blink frog (Swamp:3)
  4 air elementals (WizLab)
  2 spriggans (Swamp:3)
  A swamp drake (Swamp:3)
  An orc warrior (Depths:1)
  A wolf (IceCv)
  2 ogres
  3 orcs
  A briar patch (Swamp:1)
  78 fungi
  52 plants
  10 toadstools (D:2)
195 creatures vanquished.

Grand Total: 2688 creatures vanquished

Notes
Turn   | Place    | Note
-------+----------+-------------------------------------------
     0 | D:1      | sankara the Hill Orc Fighter began the quest for the Orb.
     0 | D:1      | Reached XP level 1. HP: 19/19 MP: 1/1
   243 | D:1      | Reached skill level 3 in Axes
   243 | D:1      | Reached XP level 2. HP: 24/27 MP: 2/2
   856 | D:2      | Found a white marble altar of Elyvilon.
   945 | D:2      | Reached skill level 4 in Fighting
   945 | D:2      | Reached XP level 3. HP: 33/33 MP: 3/3
  1080 | D:2      | Found a blossoming altar of Fedhas.
  1449 | D:2      | Reached skill level 4 in Axes
  1449 | D:2      | Reached XP level 4. HP: 36/40 MP: 4/4
  1461 | D:2      | You fall through a shaft for 2 floors!
  1700 | D:2      | Reached skill level 4 in Armour
  1708 | D:2      | Reached skill level 4 in Shields
  1708 | D:2      | Reached XP level 5. HP: 44/47 MP: 5/5
  1720 | D:2      | Reached skill level 5 in Axes
  2010 | D:3      | Found a burning altar of Makhleb.
  2010 | D:3      | Found a shadowy altar of Dithmenos.
  2011 | D:3      | Found an opulent altar of Gozag.
  2029 | D:3      | Became a worshipper of Makhleb the Destroyer
  2337 | D:3      | Noticed Terence
  2347 | D:3      | Killed Terence
  2347 | D:3      | Reached XP level 6. HP: 45/55 MP: 6/6
  2763 | D:4      | Reached skill level 5 in Fighting
  3386 | D:5      | Entered Level 5 of the Dungeon
  3488 | D:5      | HP: 12/56 [ogre/+0 giant club (16)]
  3489 | D:5      | Reached skill level 6 in Axes
  3489 | D:5      | Reached XP level 7. HP: 14/61 MP: 7/7
  3864 | D:5      | Reached skill level 5 in Shields
  3869 | D:5      | Reached skill level 5 in Armour
  4050 | D:5      | Found a shimmering altar of Xom.
  4050 | D:5      | Found an ornate altar of the Wu Jian Council.
  4198 | D:6      | Reached * piety under Makhleb
  4217 | D:6      | Reached skill level 7 in Axes
  4410 | D:6      | Reached skill level 6 in Fighting
  4410 | D:6      | Reached XP level 8. HP: 59/70 MP: 8/8
  4420 | D:6      | Learned a level 2 spell: Blink
  4423 | D:6      | Learned a level 2 spell: Call Imp
  4591 | D:6      | Noticed Sigmund
  4603 | D:6      | Killed Sigmund
  4603 | D:6      | Reached skill level 8 in Axes
  4804 | D:6      | Found a staircase to the Ecumenical Temple.
  4813 | D:6      | HP: 14/71 [orc priest/divine providence (9)]
  4818 | D:6      | HP: 14/71 [jackal (1)]
  4821 | Temple   | Entered the Ecumenical Temple
  4823 | Temple   | HP: 13/71 [jackal (2)]
  5107 | D:6      | Reached ** piety under Makhleb
  5107 | D:6      | Reached skill level 6 in Armour
  5107 | D:6      | Reached skill level 6 in Shields
  5271 | D:6      | Reached skill level 9 in Axes
  5322 | D:6      | Found a basalt altar of Yredelemnul.
  5328 | D:6      | Got a pair of fine gloves
  5339 | D:6      | Identified the +1 pair of gloves of a bazaar {rF+} (You
                  | found it on level 6 of the Dungeon)
  5765 | D:7      | Reached skill level 7 in Fighting
  5765 | D:7      | Reached skill level 1 in Invocations
  5810 | D:7      | Found Nanafo's Magic Scroll Boutique.
  5814 | D:7      | Bought a scroll of blinking for 97 gold pieces
  5815 | D:7      | Found Pemijol's General Store.
  5818 | D:7      | Bought a potion of agility for 60 gold pieces
  5828 | D:7      | Reached XP level 9. HP: 70/79 MP: 8/10
  6018 | D:7      | Reached skill level 2 in Invocations
  6030 | D:7      | Reached skill level 10 in Axes
  6041 | D:7      | Reached skill level 3 in Invocations
  6175 | D:7      | Found Cysmike's Assorted Antiques.
  6294 | D:7      | Reached skill level 7 in Armour
  6322 | D:7      | Found Wihuizan's Armour Emporium.
  6330 | D:7      | Bought a +1 cloak of poison resistance for 175 gold pieces
  6579 | D:7      | Reached skill level 7 in Shields
  6641 | D:7      | Reached skill level 4 in Invocations
  6642 | D:7      | Found Ehinacuz's Distillery.
  7003 | D:8      | Reached skill level 1 in Dodging
  7005 | D:8      | Reached skill level 8 in Fighting
  7005 | D:8      | Reached skill level 11 in Axes
  7012 | D:8      | Reached XP level 10. HP: 69/88 MP: 13/13
  7161 | D:8      | Found Lixzeigh's Gadget Emporium.
  7173 | D:8      | Found Jiegeg's Weapon Shop.
  7586 | D:9      | Reached *** piety under Makhleb
  8084 | D:9      | Noticed Maurice
  8103 | D:9      | Killed Maurice
  8103 | D:9      | Reached skill level 2 in Dodging
  8103 | D:9      | Reached skill level 5 in Invocations
  8171 | D:9      | Noticed Pikel
  8194 | D:9      | Killed Pikel
  8364 | D:9      | Got a bloodstained quarterstaff
  8373 | D:10     | Entered Level 10 of the Dungeon
  8410 | D:10     | Reached skill level 12 in Axes
  8420 | D:10     | Reached skill level 8 in Armour
  8420 | D:10     | Reached skill level 8 in Shields
  8639 | D:10     | Reached skill level 6 in Invocations
  8646 | D:10     | Noticed a two-headed ogre
  8655 | D:9      | Reached **** piety under Makhleb
  8692 | D:10     | Killed a two-headed ogre
  8692 | D:10     | Reached skill level 9 in Fighting
  8692 | D:10     | Reached skill level 3 in Dodging
  8692 | D:10     | Reached XP level 11. HP: 97/97 MP: 15/15
  8753 | D:10     | Found a staircase to the Lair.
  8995 | D:10     | Identified a scroll of acquirement
  9549 | Lair:1   | Entered Level 1 of the Lair of Beasts
  9565 | Lair:1   | Reached skill level 13 in Axes
  9580 | D:10     | HP: 14/97 [komodo dragon (14)]
  9582 | D:10     | Reached skill level 7 in Invocations
 10054 | Lair:1   | Noticed Grum
 10074 | Lair:1   | Killed Grum
 10409 | Lair:1   | Reached skill level 9 in Armour
 10409 | Lair:1   | Reached skill level 9 in Shields
 10410 | Lair:1   | Noticed a four-headed hydra
 10422 | Lair:1   | Killed a four-headed hydra
 10492 | Lair:1   | Noticed Fannar
 10500 | Lair:1   | Reached skill level 10 in Fighting
 10514 | Lair:1   | Killed Fannar
 10514 | Lair:1   | Reached skill level 14 in Axes
 10518 | Lair:1   | Reached XP level 12. HP: 101/106 MP: 17/17
 11379 | Lair:2   | Reached skill level 8 in Invocations
 11901 | Lair:2   | Reached skill level 9 in Invocations
 11990 | Lair:2   | Reached skill level 15 in Axes
 11990 | Lair:2   | Reached skill level 10 in Shields
 12033 | Lair:2   | Reached skill level 10 in Armour
 12263 | Lair:2   | Noticed a dire elephant
 12277 | Lair:2   | Killed a dire elephant
 12341 | Lair:2   | Reached XP level 13. HP: 90/114 MP: 20/20
 12525 | Lair:2   | Reached skill level 10 in Invocations
 12935 | Lair:3   | Found a gate leading to a gauntlet.
 12947 | Gauntlet | Entered a Gauntlet
 12947 | Gauntlet | Found a transporter.
 12947 | Gauntlet | Found a transporter.
 12952 | Gauntlet | Found a transporter.
 12967 | Gauntlet | Found a transporter.
 12981 | Gauntlet | Found a transporter.
 12994 | Gauntlet | Found a transporter.
 13034 | Gauntlet | Found the +4 moon troll leather armour {Spirit, Regen++
                  | MP+5}
 13034 | Gauntlet | Found a transporter.
 13107 | Gauntlet | Found a transporter.
 13134 | Gauntlet | Found a transporter.
 13141 | Gauntlet | Found a transporter.
 13188 | Gauntlet | Found a transporter.
 13195 | Gauntlet | Found a transporter.
 13214 | Gauntlet | Found a transporter.
 13223 | Gauntlet | Found a transporter.
 13268 | Gauntlet | Found a transporter.
 13290 | Gauntlet | Found a transporter.
 13405 | Gauntlet | Reached skill level 16 in Axes
 13443 | Gauntlet | Got a pair of dazzling gloves
 13461 | Gauntlet | Identified the +1 pair of gloves of Divine Intervention
                  | {Regen+ rCorr Int-4 Stlth+} (You found it in a Gauntlet)
 13521 | Gauntlet | Got a bound brass ring
 13523 | Gauntlet | Identified the ring of Liberty {Wiz rElec Int+4} (You found
                  | it in a Gauntlet)
 13599 | Gauntlet | Got a distressingly furry hat
 13616 | Gauntlet | Identified the +1 hat of Cocytus {*Corrode rPois Dex+5}
                  | (You found it in a Gauntlet)
 13671 | Gauntlet | Noticed a minotaur
 13690 | Gauntlet | Killed a minotaur
 13894 | Lair:3   | Reached skill level 11 in Fighting
 13909 | Lair:3   | Found a staircase to the Snake Pit.
 13968 | Lair:3   | You fall through a shaft for 3 floors!
 13968 | Lair:6   | Entered Level 6 of the Lair of Beasts
 14089 | Lair:6   | Reached skill level 11 in Shields
 14094 | Lair:6   | Reached skill level 11 in Armour
 14094 | Lair:6   | Reached skill level 1 in Evocations
 14136 | Lair:6   | Reached ***** piety under Makhleb
 14234 | Lair:6   | Reached skill level 11 in Invocations
 14381 | Lair:6   | Reached skill level 2 in Evocations
 14393 | Lair:6   | Reached skill level 17 in Axes
 14677 | Lair:3   | Reached XP level 14. HP: 124/124 MP: 22/22
 15082 | Lair:3   | You fall through a shaft!
 15133 | Lair:3   | Reached skill level 3 in Evocations
 16084 | Lair:4   | Found a staircase to the Swamp.
 16274 | Lair:4   | Reached skill level 12 in Fighting
 16591 | Lair:5   | Found a staircase to the Slime Pits.
 16921 | Lair:5   | Reached skill level 4 in Evocations
 17230 | Lair:6   | Reached skill level 12 in Invocations
 17316 | Lair:6   | Found a runed translucent gate.
 17318 | Lair:6   | Found a runed translucent gate.
 17321 | Lair:6   | Found a runed translucent gate.
 17322 | Lair:6   | Noticed Sassenached's ghost (journeyman DsWn)
 17800 | Lair:6   | Reached skill level 1 in Throwing
 17985 | Lair:6   | Noticed a dire elephant
 18011 | Lair:6   | Killed a dire elephant
 18011 | Lair:6   | Reached skill level 12 in Armour
 18011 | Lair:6   | Reached skill level 12 in Shields
 18114 | Lair:6   | Reached skill level 18 in Axes
 18114 | Lair:6   | Reached skill level 2 in Throwing
 18143 | Lair:6   | Got an ancient glass ring
 18145 | Lair:6   | Identified the ring of the Will of the Gods {*Tele rN+ MR+}
                  | (You found it on level 6 of the Lair of Beasts)
 18253 | Lair:6   | Reached XP level 15. HP: 134/134 MP: 24/24
 18268 | Lair:6   | Killed Sassenached's ghost
 18496 | D:11     | Found Cyhokon's Food Shoppe.
 18521 | D:11     | Reached skill level 5 in Evocations
 18639 | D:11     | Identified Ihot's Advanced Guide to Witchcraft
 18848 | D:11     | Found Latutsus's Antique Weapon Shoppe.
 18862 | D:11     | Noticed Sonja
 18866 | D:11     | Reached ****** piety under Makhleb
 18878 | D:11     | Killed Sonja
 18878 | D:11     | Reached skill level 3 in Throwing
 18890 | D:11     | Bought a bloodstained hand crossbow for 263 gold pieces
 18890 | D:11     | Identified the cursed +3 hand crossbow "Hol Taz" {velocity,
                  | MR+ Int-3 Dex+2} (You bought it in a shop on level 11 of
                  | the Dungeon)
 18957 | D:11     | Found Dici's Food Shop.
 19229 | D:11     | Found Ruzor's Jewellery Shoppe.
 19260 | D:11     | Found Meir's Antique Weapon Shoppe.
 19266 | D:11     | Bought a glowing blowgun for 137 gold pieces
 19266 | D:11     | Bought a fine hand crossbow for 212 gold pieces
 19266 | D:11     | Identified the +5 hand crossbow of Beyond {freeze, MR+}
                  | (You bought it in a shop on level 11 of the Dungeon)
 19640 | D:12     | Found a frozen archway.
 19648 | IceCv    | Entered an ice cave
 19858 | IceCv    | Reached skill level 13 in Invocations
 20057 | IceCv    | Reached skill level 13 in Fighting
 20217 | IceCv    | Noticed a frost giant
 20250 | IceCv    | Killed a frost giant
 20291 | IceCv    | Identified a +0 pair of boots of running (You found it in
                  | an ice cave)
 20849 | D:12     | Found a staircase to the Orcish Mines.
 21187 | Orc:1    | Entered Level 1 of the Orcish Mines
 21212 | Orc:1    | Reached skill level 13 in Armour
 21212 | Orc:1    | Reached skill level 13 in Shields
 21600 | Orc:2    | Entered Level 2 of the Orcish Mines
 21602 | Orc:2    | Found Vojych's Jewellery Shoppe.
 21826 | Orc:2    | Noticed Blork the orc
 21829 | Orc:2    | Noticed Nergalle
 21835 | Orc:2    | Noticed an orc warlord
 21835 | Orc:2    | Killed Blork the orc
 21843 | Orc:2    | Killed Nergalle
 21850 | Orc:2    | Reached XP level 16. HP: 145/145 MP: 26/26
 21934 | Orc:2    | Found a runed translucent gate.
 21934 | Orc:2    | Found a runed translucent gate.
 21934 | Orc:2    | Found a runed translucent gate.
 21943 | Orc:2    | Noticed Labyrinth's ghost (novice MiHu)
 21991 | Orc:2    | Killed Labyrinth's ghost
 22098 | Orc:2    | Found a staircase to the Elven Halls.
 22109 | Orc:2    | Reached skill level 14 in Invocations
 22449 | Orc:2    | Paralysed by an orc sorcerer for 4 turns
 22481 | Orc:2    | Found a roughly hewn altar of Beogh.
 22730 | Orc:2    | Found Hoetota's Antique Weapon Emporium.
 22744 | Orc:2    | Found Simysun's General Store.
 22762 | Orc:2    | Bought a potion of heal wounds for 85 gold pieces
 22797 | Orc:2    | Found Iribilerghas's Jewellery Emporium.
 22854 | Orc:2    | Found Beubrock's Antique Armour Emporium.
 23080 | Orc:2    | Bought the ring "Dulamoi" {+Fly rF+ rN+} for 459 gold
                  | pieces
 23160 | D:13     | Reached skill level 14 in Fighting
 24197 | D:14     | Reached skill level 4 in Dodging
 24230 | D:14     | Found a gate to the Vaults.
 24855 | D:14     | Found a runed translucent door.
 24866 | D:14     | Noticed a storm dragon
 24874 | D:14     | Noticed a tengu reaver
 24891 | D:14     | Killed a storm dragon
 24895 | D:14     | Killed a tengu reaver
 24966 | D:14     | Noticed Azrael
 24996 | D:14     | Killed Azrael
 24996 | D:14     | Reached skill level 14 in Armour
 25001 | D:14     | Reached skill level 14 in Shields
 25079 | D:14     | Noticed Roxanne
 25102 | D:14     | Killed Roxanne
 25102 | D:14     | Reached skill level 15 in Invocations
 25238 | D:15     | Entered Level 15 of the Dungeon
 25449 | D:15     | Reached skill level 5 in Dodging
 25487 | D:15     | Reached XP level 17. HP: 154/154 MP: 28/28
 25665 | D:15     | Reached skill level 15 in Fighting
 25828 | D:15     | Found a staircase to the Depths.
 26286 | Swamp:1  | Entered Level 1 of the Swamp
 26464 | Swamp:1  | Noticed a tentacled monstrosity
 26488 | Swamp:1  | Killed a tentacled monstrosity
 26488 | Swamp:1  | Reached skill level 6 in Dodging
 27551 | Swamp:2  | Reached skill level 15 in Armour
 27551 | Swamp:2  | Reached skill level 15 in Shields
 27701 | Swamp:2  | Reached skill level 7 in Dodging
 27897 | Swamp:2  | Got a faintly glowing robe
 28414 | Swamp:3  | Noticed Jorgrun
 28424 | Swamp:3  | Killed Jorgrun
 28818 | Swamp:3  | Got a faintly glowing leather armour
 29228 | Swamp:4  | Entered Level 4 of the Swamp
 29483 | Snake:1  | Entered Level 1 of the Snake Pit
 29487 | Snake:1  | Reached XP level 18. HP: 163/163 MP: 29/29
 29500 | Snake:1  | Found a flickering gateway to a bazaar.
 29510 | Bazaar   | Entered a bazaar
 29524 | Bazaar   | Found Woem's Antique Armour Shoppe.
 29539 | Bazaar   | Found Eliasch's Magic Scroll Emporium.
 29599 | Bazaar   | Bought a scroll of teleportation for 30 gold pieces
 29599 | Bazaar   | Bought a scroll of fear for 35 gold pieces
 29599 | Bazaar   | Bought a scroll of fear for 35 gold pieces
 29599 | Bazaar   | Bought a scroll of enchant weapon for 75 gold pieces
 29599 | Bazaar   | Bought a scroll of holy word for 75 gold pieces
 29784 | Snake:1  | Reached skill level 8 in Dodging
 30044 | Snake:1  | Reached skill level 16 in Fighting
 30197 | Snake:1  | Got a bound ivory ring
 30198 | Snake:1  | Identified the ring "Qynycz Ruuf" {*Drain MP+9 Str+5 SInv}
                  | (You found it on level 1 of the Snake Pit)
 30455 | Snake:1  | Reached skill level 16 in Armour
 30511 | Snake:1  | Noticed Rupert
 30512 | Snake:1  | Paralysed by Rupert for 6 turns
 30529 | Snake:1  | Killed Rupert
 31046 | Snake:2  | Got a crude broad axe
 31048 | Snake:2  | Reached skill level 9 in Dodging
 31049 | Snake:2  | Identified the +5 broad axe of Doom {protect, +Rage rC+
                  | rN+} (You found it on level 2 of the Snake Pit)
 31248 | Snake:2  | Found a runed translucent gate.
 31248 | Snake:2  | Noticed Sassenached's ghost (journeyman DsGl)
 31249 | Snake:2  | Found a runed translucent gate.
 31250 | Snake:2  | Found a runed translucent gate.
 31526 | Snake:2  | Killed Sassenached's ghost
 31904 | Snake:3  | Noticed Louise
 31916 | Snake:3  | Killed Louise
 32028 | Snake:3  | Reached skill level 17 in Fighting
 32385 | Snake:3  | Reached XP level 19. HP: 177/177 MP: 30/30
 32405 | Snake:3  | Noticed Aizul
 32424 | Snake:3  | Killed Aizul
 33230 | Swamp:4  | Reached skill level 17 in Armour
 33327 | Swamp:4  | Reached skill level 10 in Dodging
 33881 | Swamp:4  | Noticed the 27-headed Lernaean hydra
 34293 | Swamp:4  | Killed the 27-headed Lernaean hydra
 34305 | Swamp:4  | Got a decaying rune of Zot
 34793 | Vaults:1 | Entered Level 1 of the Vaults
 34918 | Vaults:1 | Reached skill level 18 in Fighting
 34936 | Vaults:1 | Reached skill level 16 in Invocations
 36048 | Vaults:1 | Reached skill level 18 in Armour
 36048 | Vaults:1 | Reached XP level 20. HP: 176/189 MP: 32/32
 36363 | Vaults:2 | Reached skill level 17 in Invocations
 36484 | Vaults:2 | Reached skill level 19 in Fighting
 37425 | Vaults:2 | Found a staircase to the Crypt.
 37601 | Vaults:2 | Reached skill level 19 in Armour
 38627 | Vaults:3 | Noticed Sojobo
 38700 | Vaults:3 | Reached skill level 20 in Fighting
 38759 | Vaults:3 | Noticed Mennas
 38960 | Vaults:3 | Killed Sojobo
 39008 | Vaults:3 | Reached XP level 21. HP: 201/201 MP: 33/33
 39066 | Vaults:3 | Killed Mennas
 39325 | Vaults:3 | Reached skill level 1 in Polearms
 39392 | Vaults:3 | Reached skill level 2 in Polearms
 39392 | Vaults:3 | Reached skill level 20 in Armour
 39424 | Vaults:3 | Reached skill level 3 in Polearms
 39699 | Vaults:3 | Reached skill level 4 in Polearms
 39947 | Vaults:4 | Reached skill level 5 in Polearms
 40026 | Vaults:4 | Reached skill level 6 in Polearms
 40404 | Vaults:4 | Found Gixof's Distillery.
 40412 | Vaults:4 | Bought a potion of heal wounds for 90 gold pieces
 40412 | Vaults:4 | Bought a potion of heal wounds for 90 gold pieces
 40412 | Vaults:4 | Bought a potion of invisibility for 144 gold pieces
 40412 | Vaults:4 | Bought 2 potions of heal wounds for 180 gold pieces
 40412 | Vaults:4 | Bought a potion of heal wounds for 90 gold pieces
 40412 | Vaults:4 | Bought a potion of heal wounds for 90 gold pieces
 40412 | Vaults:4 | Bought a potion of curing for 54 gold pieces
 40415 | Vaults:4 | Found a sacrificial altar of Ru.
 41465 | Snake:4  | Entered Level 4 of the Snake Pit
 41575 | Snake:4  | Found a stormy altar of Qazlal.
 42161 | Snake:4  | Reached XP level 22. HP: 189/211 MP: 34/34
 42246 | Snake:4  | Reached skill level 18 in Invocations
 42380 | Snake:4  | Reached skill level 11 in Dodging
 42473 | Snake:4  | Upgraded the game from 0.23.2-1-ga50397a to
                  | 0.23.2-11-gf996548c65
 42927 | Snake:4  | Got a serpentine rune of Zot
 43331 | Depths:1 | Entered Level 1 of the Depths
 43345 | Depths:1 | Found a magical portal.
 43350 | WizLab   | Entered The Chambers of the Cloud Mage
 43354 | WizLab   | Learned a level 1 spell: Summon Butterflies
 43765 | WizLab   | HP: 42/207 [poison (dark miasma)]
 43771 | WizLab   | HP: 30/207 [poison (dark miasma)]
 44008 | WizLab   | Got a vibrating golden ring
 44011 | WizLab   | Identified the Reference Book on Feathers
 44016 | WizLab   | Got a warped spear
 44033 | WizLab   | Identified the ring of Quastu {+Fly rF+ MR+ Int+2} (You
                  | found it in a wizard's laboratory)
 44038 | WizLab   | Identified the +5 spear of Honour {pierce, MR+ Str+2 Int+6}
                  | (You found it in a wizard's laboratory)
 44041 | WizLab   | Identified a +1 pair of boots of running (You found it in a
                  | wizard's laboratory)
 44183 | WizLab   | Learned a level 4 spell: Airstrike
 44193 | WizLab   | Learned a level 9 spell: Tornado
 44237 | Depths:1 | Found Unam's Assorted Antiques.
 44241 | Depths:1 | Bought 2 potions of heal wounds for 310 gold pieces
 44572 | Depths:1 | Reached skill level 21 in Fighting
 44625 | Depths:1 | Found a one-way gate leading to the halls of Pandemonium.
 44707 | Depths:1 | Found a gateway to Hell.
 44795 | Depths:1 | Noticed Saint Roka
 45112 | Depths:1 | Killed Saint Roka
 45112 | Depths:1 | Reached skill level 1 in Air Magic
 45246 | Depths:1 | Found Tuowuj's Book Emporium.
 45249 | Depths:1 | Found Loesk's Assorted Antiques.
 45252 | Depths:1 | Found Zexor's Armour Boutique.
 45376 | Depths:1 | Bought a scroll of blinking for 345 gold pieces
 45652 | Depths:1 | Reached skill level 21 in Armour
 45696 | Depths:1 | Found a blossoming altar of Fedhas.
 45826 | Depths:1 | Learned a level 2 spell: Swiftness
 45938 | Depths:1 | Reached skill level 19 in Invocations
 46119 | Depths:2 | Reached skill level 2 in Air Magic
 46193 | Depths:2 | Noticed Bai Suzhen
 46196 | Depths:2 | Reached XP level 23. HP: 217/217 MP: 36/36
 46227 | Depths:2 | Killed Bai Suzhen
 46228 | Depths:2 | Reached skill level 12 in Dodging
 46393 | Depths:2 | Gained mutation: Your spells are a little easier to cast,
                  | but a little less powerful. [a neqoxec]
 46403 | Depths:2 | Reached skill level 3 in Air Magic
 46730 | Depths:2 | Reached skill level 4 in Air Magic
 46773 | Depths:2 | Identified the Incunabulum of Confrontation
 47463 | Depths:3 | Found Doymut's Jewellery Shoppe.
 47481 | Depths:3 | Reached skill level 22 in Fighting
 47507 | Depths:3 | Bought an uncursed ring of see invisible for 195 gold
                  | pieces
 47984 | Depths:3 | Reached skill level 20 in Invocations
 48169 | Depths:3 | Got an ichor-stained dagger
 48170 | Depths:3 | Identified the +6 dagger of Xaucammu {freeze, Stlth+} (You
                  | found it on level 3 of the Depths)
 48264 | Depths:3 | Reached XP level 24. HP: 222/228 MP: 37/37
 48552 | Depths:3 | Got a smoking cloak
 48556 | Depths:3 | Identified the +1 cloak of Magic {rC- MR++} (You found it
                  | on level 3 of the Depths)
 48732 | Depths:4 | Reached skill level 13 in Dodging
 48735 | Depths:4 | Reached skill level 22 in Armour
 48898 | Depths:4 | Found Feidi's Changing Room.
 48993 | Depths:4 | HP: 51/229 [flayed ghost/flay_damage (25)]
 49239 | Lair:1   | Learned a level 5 spell: Aura of Abjuration
 49244 | Lair:1   | Learned a level 4 spell: Summon Lightning Spire
 49451 | Depths:5 | Entered Level 5 of the Depths
 49527 | Depths:4 | Reached skill level 1 in Summonings
 49650 | Depths:4 | Reached skill level 2 in Summonings
 49690 | Depths:4 | Reached skill level 7 in Polearms
 49745 | Depths:4 | Noticed a caustic shrike
 49771 | Depths:4 | Killed a caustic shrike
 49771 | Depths:4 | Reached skill level 3 in Summonings
 50065 | Depths:4 | Found a one-way gate to the infinite horrors of the Abyss.
 50122 | Depths:4 | Found a runed translucent gate.
 50153 | Depths:4 | Found a runed translucent gate.
 50154 | Depths:4 | Found a runed translucent gate.
 50223 | Depths:4 | Reached skill level 4 in Summonings
 50231 | Depths:4 | Reached skill level 8 in Polearms
 50239 | Depths:4 | Found a runed translucent gate.
 50239 | Depths:4 | Found a runed translucent gate.
 50243 | Depths:4 | Noticed totalnoob's ghost (adept MfSu)
 50244 | Depths:4 | Found a runed translucent gate.
 50340 | Depths:4 | Killed totalnoob's ghost
 50366 | Depths:4 | Learned a level 1 spell: Apportation
 50369 | Depths:4 | Got a heavily runed cloak
 50370 | Depths:4 | Identified the +0 cloak "Tyoseebi" {rPois rC- MR+} (You
                  | found it on level 4 of the Depths)
 50467 | Depths:5 | Paralysed by a floating eye for 4 turns
 50497 | Depths:5 | Reached skill level 23 in Fighting
 50647 | Depths:5 | Reached XP level 25. HP: 230/239 MP: 37/37
 50704 | Depths:5 | Found a gate to the Realm of Zot.
 50706 | Depths:5 | Identified the ring of Sif Muna's Benevolence {rC+ rN+
                  | Dex+4}
 50710 | Depths:5 | Reached skill level 5 in Summonings
 50883 | Depths:5 | Paralysed by a floating eye for 3 turns
 51044 | Depths:5 | Identified the ring "Kyotoew" {rElec MR+ Int+5 Slay-4} (You
                  | found it on level 5 of the Depths)
 51072 | Depths:5 | Found a shimmering altar of Xom.
 51076 | Depths:5 | Reached skill level 9 in Polearms
 51076 | Depths:5 | Reached skill level 14 in Dodging
 51255 | Depths:5 | Identified the ring "Yhafaz" {+Blink +Fly rPois MP+9 Str-2}
                  | (You found it on level 5 of the Depths)
 51266 | Depths:5 | Found a gateway to a ziggurat.
 51321 | Depths:5 | Reached skill level 6 in Summonings
 51537 | Depths:5 | Identified the ring "Siliciucs" {rF+ Str+6 Stlth-} (You
                  | found it on level 5 of the Depths)
 52035 | Elf:1    | Entered Level 1 of the Elven Halls
 52048 | Elf:1    | Upgraded the game from 0.23.2-11-gf996548c65 to
                  | 0.23.2-30-g0e89c35649
 52355 | Elf:1    | Reached skill level 10 in Polearms
 52375 | Elf:1    | Noticed Nikola
 52387 | Elf:1    | Killed Nikola
 52387 | Elf:1    | Reached skill level 23 in Armour
 52391 | Elf:1    | Noticed Kirke
 52398 | Elf:1    | Killed Kirke
 52398 | Elf:1    | Reached skill level 7 in Summonings
 52449 | Elf:1    | Found Fiejiysch's Jewellery Boutique.
 52943 | Elf:1    | You are sucked into a shaft!
 53061 | Elf:2    | Found a runed translucent gate.
 53061 | Elf:2    | Found a runed translucent gate.
 53062 | Elf:2    | Found a runed translucent gate.
 53893 | Elf:3    | Entered Level 3 of the Elven Halls
 53912 | Elf:3    | Reached skill level 8 in Summonings
 53916 | Elf:3    | Reached XP level 26. HP: 249/249 MP: 37/37
 55316 | Elf:2    | Reached skill level 24 in Fighting
 55379 | Elf:2    | Reached skill level 9 in Summonings
 55435 | Elf:3    | Noticed Mara
 55452 | Elf:3    | Noticed sankara's illusion
 55685 | Elf:3    | Noticed sankara's illusion
 55695 | Elf:3    | Killed Mara
 55722 | Elf:3    | Reached skill level 15 in Dodging
 55741 | Elf:3    | Identified the +7 falchion "Becuenk" {antimagic, Int+4}
 55852 | Elf:3    | Identified the Catalogue of Glacial Poison
 55970 | Elf:3    | Identified the +6 hand crossbow of the Eternal Void {venom,
                  | Int+3 Dex-5} (You found it on level 3 of the Elven Halls)
 56605 | Depths:1 | Bought the +1 helmet of Wodoob {Str+6} for 552 gold pieces
 56909 | D:7      | Bought a potion of heal wounds for 70 gold pieces
 56909 | D:7      | Bought a potion of curing for 42 gold pieces
 56909 | D:7      | Bought a potion of curing for 42 gold pieces
 56909 | D:7      | Bought a potion of curing for 42 gold pieces
 56948 | D:7      | Bought a scroll of teleportation for 75 gold pieces
 56948 | D:7      | Bought a potion of heal wounds for 125 gold pieces
 56948 | D:7      | Bought a scroll of fear for 87 gold pieces
 57275 | Vaults:5 | Entered Level 5 of the Vaults
 57307 | Vaults:5 | Identified the +7 short sword of Light {protect, *Slow
                  | Int+4 Dex+4}
 57307 | Vaults:5 | Identified the +2 shield of Seny {-Tele +Inv rPois Dex-3}
 57415 | Vaults:5 | Found the cursed necklace of Bloodlust {*Rage +Rage MR++
                  | Int-3 Slay+6 *Curse}
 57538 | Vaults:5 | Reached skill level 10 in Summonings
 57739 | Vaults:5 | Identified the amulet of Lucidity {RegenMP rElec MR+}
 57741 | Vaults:5 | Noticed an ancient lich
 57765 | Vaults:5 | Killed an ancient lich
 57870 | Vaults:5 | Identified the cursed +3 great sword of Excruciating Pain
                  | {speed, rF+ SInv}
 58045 | Vaults:5 | Reached XP level 27. HP: 260/260 MP: 37/37
 58080 | Vaults:5 | Got a silver rune of Zot
 58113 | Vaults:5 | Reached skill level 24 in Armour
 58229 | Vaults:5 | Reached skill level 11 in Summonings
 58352 | Vaults:5 | Identified the cursed +0 hand crossbow of Tension {venom,
                  | Int+3}
 58384 | Vaults:5 | HP: 63/260 [tentacled monstrosity (6)]
 58397 | Vaults:5 | Identified the +1 arbalest of an ice cave {freeze, Str+2
                  | Dex+5 Stlth-}
 58449 | Vaults:5 | Reached skill level 25 in Fighting
 58910 | Vaults:5 | Identified the cursed +0 ring mail of Distant Shores
                  | {Dex+3} (You found it on level 5 of the Vaults)
 59142 | Vaults:5 | Reached skill level 16 in Dodging
 59623 | Zot:1    | Entered Level 1 of the Realm of Zot
 59674 | Zot:1    | Reached skill level 12 in Summonings
 59981 | Zot:1    | Reached skill level 13 in Summonings
 60647 | Zot:2    | Reached skill level 14 in Summonings
 60886 | Zot:2    | Reached skill level 25 in Armour
 61100 | Zot:2    | Reached skill level 15 in Summonings
 61101 | Zot:2    | You fall through a shaft!
 61106 | Zot:3    | Noticed an orb of fire
 61126 | Zot:3    | Reached skill level 17 in Dodging
 61132 | Zot:3    | Gained mutation: You are frail. (-10% HP) [an orb of fire]
 61136 | Zot:3    | Gained mutation: You are clumsy. (Dex -2) [an orb of fire]
 61138 | Zot:3    | Gained mutation: You do not regenerate when monsters are
                  | visible. [an orb of fire]
 61142 | Zot:3    | Gained mutation: You are very clumsy. (Dex -4) [an orb of
                  | fire]
 61143 | Zot:3    | Killed an orb of fire
 61162 | Zot:3    | Reached skill level 16 in Summonings
 61826 | Zot:3    | You fall through a shaft!
 61865 | Zot:4    | Reached skill level 17 in Summonings
 62037 | Zot:4    | HP: 42/235 [??? (26)]
 62042 | Zot:4    | HP: 14/239 [deathcap[a curse toe] (14)]
 62043 | Zot:4    | HP: 3/239 [deathcap[a curse toe] (14)]
 62044 | Zot:4    | HP: 1/239 [deathcap/drain life[a curse toe] (2)]
 62044 | Zot:4    | Killed from afar by a deathcap

Skill      XL: |  1  2  3  4  5  6  7  8  9 10 11 12 13 14 15 16 17 18 19 20 21 22 23 24 25 26 27 |
---------------+----------------------------------------------------------------------------------+-----
Axes           | 3 4 5 6 7 9 11 12 14 15 17 18 | 18.0
Fighting       | 4 5 6 7 8 9 10 11 12 13 14 15 17 18 20 21 22 23 24 25 | 25.0
Armour         | 4 5 6 7 8 9 10 11 12 13 14 15 16 18 19 20 21 22 23 25 | 25.0
Shields        | 4 5 6 7 8 9 10 11 12 13 14 15 | 15.0
Invocations    | 1 4 6 7 9 11 12 13 15 16 17 19 20 | 20.0
Dodging        | 1 3 5 7 9 10 11 12 13 14 15 17 | 17.6
Evocations     | 2 4 5 |  5.0
Throwing       | 2 3 |  3.0
Polearms       | 6 8 10 | 10.2
Air Magic      | 2 4 |  4.0
Summonings     | 4 8 10 17 | 17.1

Action                   |  1- 3 |  4- 6 |  7- 9 | 10-12 | 13-15 | 16-18 | 19-21 | 22-24 | 25-27 || total
-------------------------+-------+-------+-------+-------+-------+-------+-------+-------+-------++-------
Melee: War axe           |   100 |   159 |   344 |   568 |       |       |       |       |       ||  1171
       Broad axe         |       |       |       |    61 |  1420 |  1645 |  1731 |  1923 |  2444 ||  9224
       Demon whip        |       |       |       |       |       |       |       |     6 |       ||     6
       Trishula          |       |       |       |       |       |       |       |       |     7 ||     7
Throw: Tomahawk          |       |     3 |       |       |       |       |       |       |       ||     3
       Javelin           |       |     3 |     3 |     1 |     2 |       |       |       |       ||     9
 Cast: Apportation       |       |       |       |       |       |       |       |     6 |       ||     6
Invok: Minor Destruction |       |       |     8 |    62 |    66 |    69 |    77 |       |    17 ||   299
       Major Destruction |       |       |       |    50 |    22 |    24 |     7 |       |     3 ||   106
       Lesser Servant of |       |       |       |     3 |     6 |     6 |     3 |       |     1 ||    19
       Greater Servant o |       |       |       |       |       |     6 |     3 |    22 |    13 ||    44
 Abil: Evoke Berserk Rag |       |       |     1 |     6 |    19 |    22 |    11 |     7 |     3 ||    69
       Evoke Flight      |       |       |       |       |       |       |       |     3 |     2 ||     5
       Stop Flying       |       |       |       |       |       |       |       |     1 |       ||     1
Evoke: Wand              |       |       |       |     1 |     2 |     1 |       |       |       ||     4
       Lightning rod     |       |       |       |       |     1 |       |       |       |       ||     1
  Use: Scroll            |       |    10 |     7 |     3 |    13 |    10 |     8 |    19 |    11 ||    81
       Potion            |       |       |     1 |       |     1 |     1 |       |     4 |     5 ||    12
 Stab: Petrifying        |       |       |       |       |     1 |       |       |       |       ||     1
       Distracted        |       |       |       |       |     1 |     3 |     2 |     4 |     4 ||    14
       Invisible         |       |       |       |       |       |     2 |       |       |       ||     2
       Confused          |       |       |       |       |       |       |     1 |       |       ||     1
  Eat: Chunk             |     2 |     6 |    13 |    26 |    42 |    45 |    32 |    27 |    30 ||   223
       Ration            |       |       |       |       |     2 |     3 |     3 |     3 |     3 ||    14
Armor: Scale mail        |    11 |       |       |       |       |       |       |       |       ||    11
       Chain mail        |    42 |    95 |    96 |       |       |       |       |       |       ||   233
       Plate armour      |       |       |    83 |   281 |   619 |   792 |   867 |   861 |       ||  3503
       Gold dragon scale |       |       |       |       |       |       |       |   194 |  1152 ||  1346
Dodge: Dodged            |    15 |    28 |    45 |   123 |   294 |   448 |   596 |   636 |   697 ||  2882
Block: Shield            |    42 |    89 |   168 |   295 |   748 |  1015 |  1538 |  1684 |  1807 ||  7386
       Reflection        |       |       |       |       |       |    21 |   114 |    76 |   121 ||   332

Levels and vault maps discovered:
D:1:      shiori_angband_town, layout_rooms, hex_intersection,
          chequers_serial_rivers_small_3
D:2:      cheibrodos_fertilizer, layout_loops_ring, lemuel_round_altar,
          first_ration, fedhas_altar_fruit_tree
D:3:      layout_basic, gammafunk_temple_overflow_forgotten, uniq_terence
D:4:      layout_loops_ring, solitary_fountain
D:5:      layout_rooms, gammafunk_temple_overflow_statue, dk_noncrumbling_4,
          minmay_misc_feat_enclosed
D:6:      layout_cave_pods, minmay_temple_entry_wispy, basic_altar, uniq_sigmund
D:7:      layout_loops_ring, serial_shops, nicolae_shop_window_shopping, shop,
          shop, shop_statue, nicolae_shop_trees, grunt_livestock,
          ebering_dispersal_statue_hall
D:8:      layout_rooms, serial_shops, nicolae_shop_trees,
          nicolae_shop_competitors_out_of_business
D:9:      layout_loops_ring, uniq_maurice, uniq_pikel
D:10:     layout_long_grid, minmay_lair_entry_grove
D:11:     layout_roguey, serial_shops, kennysheep_little_box,
          nicolae_shop_behind_doors, shop, kennysheep_mini_moat, shop,
          minmay_pinched_square, uniq_sonja
D:12:     layout_rooms, kennysheep_orc_monster_closet_entryway,
          portal_ice_cave_rime
D:13:     layout_cave_pools
D:14:     layout_loops_ring, grunt_vaults_entry_tiered, corexii_corridor_pit,
          minivault_13, uniq_azrael, uniq_roxanne
D:15:     gammafunk_enter_depths_forms, layout_irregular_city,
          serial_park_square2, minmay_variable_closet
Temple:   compressed_dpeg_circular_temple
Lair:1:   layout_small_grid, uniq_grum, uniq_fannar
Lair:2:   mu_elephants_graveyard, layout_regular_city
Lair:3:   layout_long_grid, dummy_snake_entry, gauntlet_entry_generic,
          serial_bayou_shore_b, serial_bayou_shore_a, grunt_megastairs_2
Lair:4:   layout_loops_ring, minmay_swamp_entry_reptiles, serial_forest,
          infiniplex_forest_lined_3, infiniplex_forest_clump_medium,
          infiniplex_forest_clump_medium, infiniplex_forest_end_2,
          infiniplex_forest_clump_tiny, infiniplex_forest_lined_room_2,
          infiniplex_forest_clump_medium, chequers_serial_rivers_small_3,
          nicolae_quartered_pool_medium, st_stairs_11
Lair:5:   layout_roguey, nicolae_slime_entry_slimehenge
Lair:6:   grunt_lair_end_beastmaster, layout_regular_city,
          gammafunk_ghost_necromancy, lemuel_fruit_fields
Swamp:1:  layout_basic_swamp, evilmike_swamp_ruin_house_2
Swamp:2:  layout_basic_swamp, evilmike_swamp_ruin_house_4
Swamp:3:  layout_falls_marsh, infiniplex_staircase_pool_2, uniq_jorgrun
Swamp:4:  grunt_swamp_rune_castle, layout_basic_swamp, swamp_pool5
Snake:1:  layout_grid_maze, serial_shops, bzr_entry_dummy, nicolae_snake_shapes,
          uniq_rupert
Snake:2:  layout_gridlike, gammafunk_ghost_split, grunt_ministairs_5
Snake:3:  layout_gridlike, nicolae_coiled_stairwell_down, uniq_louise,
          uniq_aizul
Snake:4:  snake_pit, layout_misc_corridors, basic_altar, st_stairs_10,
          grunt_ministairs_14
Orc:1:    layout_caves, rock_pile
Orc:2:    grunt_orc_cross, layout_caves, serial_shops, nicolae_shop_crystal,
          gammafunk_ghost_necromancy
Elf:1:    eino_elf_arrival_the_gate, layout_geoelf_octagon, serial_shops, shop,
          evilmike_minifort, uniq_nikola, uniq_kirke
Elf:2:    layout_loops_cross
Elf:3:    minmay_elf_hall_dome, layout_loops_corners, uniq_mara
Vaults:1: vaults_room_ringed_pool, vaults_room_boxed,
          vaults_room_grunt_arrival_checkpoint, hangedman_vaults_snaps,
          vaults_dpeg_encased_lava, serial_ice_g, vaults_dpeg_doors,
          vaults_room_fancy_cross, ontoclasm_vaults_twist,
          nicolae_vaults_little_squares_4, vaults_room_door_hall,
          vaults_room_fours, nicolae_vaults_network_square, vaults_room_grid,
          ontoclasm_vaults_claustrophobia, layout_vaults_maze_bifur
Vaults:2: minmay_crypt_entry_vampire_xt, nicolae_vaults_border_crossing,
          nicolae_vaults_meeting, nicolae_vaults_shelves_hall, v_misc_10,
          vaults_room_stairs_pillars, ontoclasm_vaults_pinch,
          nicolae_vaults_hallways_thing, hangedman_vaults_capsules,
          hangedman_vaults_pinch, vaults_mumra_chevron,
          ontoclasm_vaults_ring_square, ontoclasm_vaults_chip,
          nicolae_vaults_yaktaur_gun_rack, vaults_dpeg_ring,
          layout_vaults_omnibox
Vaults:3: nicolae_vaults_ninety_degrees, v_misc_32, v_misc_12,
          nicolae_vaults_little_squares_3, v_misc_19, ontoclasm_vaults_fault,
          nicolae_vaults_asterisk, layout_vaults_omnicross, uniq_sojobo,
          uniq_mennas
Vaults:4: grunt_vaults_twisty, nicolae_vaults_little_squares_6,
          vaults_mumra_chevron_long, nicolae_vaults_gold_heap,
          vaults_room_door_hall, vaults_room_door_ring, layout_vaults_big_room,
          serial_shops, nicolae_shop_temple_entry_statues_fountains, basic_altar
Vaults:5: serial_shops
Depths:1: minmay_the_grid_triangle_9x9_recursive_3_mashed
          [minmay_the_grid_triangle_9x9_thin_v,
          minmay_the_grid_triangle_9x9_shrine,
          minmay_the_grid_triangle_9x9_negative_grid,
          minmay_the_grid_triangle_9x9_prize_insulated,
          minmay_the_grid_triangle_9x9_zippers_horizontal,
          minmay_the_grid_triangle_9x9_skeleton,
          minmay_the_grid_triangle_9x9_corruption,
          minmay_the_grid_triangle_9x9_longest,
          minmay_the_grid_triangle_9x9_flanged_cone], layout_cross,
          hangedman_abyss_or_decor_passed, infiniplex_enter_wizlab_spiral,
          grunt_hell_entry_dis_old, serial_shops, nicolae_shop_waterfront,
          nicolae_shop_waterfront, nicolae_shop_behind_doors, shop_fountains,
          rand_demon_pan_entry_3, minmay_stone_trees_medium,
          kennysheep_generic_room_5, uniq_saint_roka
Depths:2: grunt_house_of_mirrors, layout_cave_pools, hell_entry, chequers_jeans,
          uniq_bai_suzhen
Depths:3: lemuel_flame_loot_2, layout_gridlike, hell_entry, serial_shops, shop,
          minmay_misc_feat_x, grunt_pan_entry_sceptre
Depths:4: evilmike_diamond_2, layout_cave_pools, minmay_misc_feat_encased,
          ploomutoo_gammafunk_ghost_potion_laboratory, hell_entry,
          abyss_entry_crystal, nicolae_transmutations_shop, solitary_fountain
Depths:5: hangedman_spin_cycle, pan_entry, hell_entry
Zot:1:    layout_gridlike
Zot:2:    layout_basic, grunt_ministairs_7
Zot:3:    layout_onion_interference, grunt_megastairs_3
Zot:4:    layout_concentric_octagons
Bazaar:   bazaar_short_row
IceCv:    ice_cave_caverns_01
WizLab:   wizlab_cloud
Gauntlet: gammafunk_gauntlet_branching [gammafunk_gauntlet_arena_crates,
          gammafunk_gauntlet_arena_hedges,
          gammafunk_gauntlet_arena_split_diamond, nicolae_gauntlet_arena_x,
          nicolae_gauntlet_arena_t_cross, gammafunk_gauntlet_arena_split_x,
          nicolae_gauntlet_swirl, gammafunk_gauntlet_arena_spirals,
          gauntlet_exit_green]

Table legend:
 A = Turns spent in this place as a percentage of turns spent in the entire game.
 B = Non-inter-level travel turns spent in this place as a percentage of non-inter-level travel turns spent in the entire game.
 C = Inter-level travel turns spent in this place as a percentage of turns spent in this place.
 D = Turns resting spent in this place as a percentage of non-inter-level travel turns spent in this place.
 E = Turns spent auto-exploring this place as a percentage of non-inter-level travel turns spent in this place.
 F = Non-inter-level travel turns spent in this place divided by the number of levels of this place that you've seen.
                   A       B       C       D       E      F
               +-------+-------+-------+-------+-------+----------------------
         Total | 100.0 | 100.0 |  12.4 |  12.1 |  47.9 | 1025.1
       Dungeon |  27.3 |  24.9 |  20.2 |  17.2 |  53.6 | 902.1
        Temple |   0.4 |   0.5 |   6.5 |  64.8 |  32.2 | 261.0
          Lair |  13.4 |  13.3 |  13.5 |  13.4 |  55.3 | 1202.5
         Swamp |   7.3 |   7.9 |   5.6 |  21.6 |  40.1 | 1066.2
     Snake Pit |   8.2 |   8.4 |  10.5 |   7.2 |  47.3 | 1135.5
  Orcish Mines |   3.2 |   3.3 |   9.8 |   5.7 |  54.4 | 905.0
   Elven Halls |   6.8 |   7.2 |   7.9 |  13.5 |  43.0 | 1299.3
        Vaults |  13.5 |  13.9 |   9.7 |   7.4 |  49.6 | 1514.6
        Depths |  11.5 |  11.8 |  10.5 |   4.9 |  42.0 | 1280.4
           Zot |   3.9 |   4.0 |  10.2 |   1.3 |  49.0 | 543.2
        Bazaar |   0.2 |   0.3 |   0.0 |   0.0 |  42.4 | 144.0
      Ice Cave |   1.3 |   1.4 |   0.0 |   6.4 |  36.0 | 786.0
        Wizlab |   1.4 |   1.6 |   0.0 |  29.0 |  21.7 | 860.0
      Gauntlet |   1.4 |   1.6 |   0.0 |   5.1 |  17.2 | 868.0
               +-------+-------+-------+-------+-------+----------------------

Table legend:
 A = Kills in this place as a percentage of kills in entire the game.
 B = Kills by you in this place as a percentage of kills by you in the entire game.
 C = Kills by friends in this place as a percentage of kills by friends in the entire game.
 D = Other kills in this place as a percentage of other kills in the entire game.
 E = Experience gained in this place as a percentage of experience gained in the entire game.
 F = Experience gained in this place divided by the number of levels of this place that you have seen.
                   A       B       C       D       E      F
               +-------+-------+-------+-------+-------+----------------------
         Total | 100.0 | 100.0 | 100.0 | 100.0 | 100.0 | 28972.2
       Dungeon |  21.0 |  21.7 |  12.5 |   0.0 |   5.8 | 5928.8
        Temple |   0.0 |   0.0 |   0.0 |   0.0 |   0.0 |   2.0
          Lair |   9.0 |   9.4 |   2.1 |   0.0 |   4.6 | 11817.7
         Swamp |   7.0 |   6.9 |   8.3 |   9.5 |   5.2 | 20024.2
     Snake Pit |  10.2 |  10.3 |   6.2 |  11.9 |   9.8 | 37580.0
  Orcish Mines |   4.4 |   4.3 |   9.4 |   0.0 |   1.1 | 8340.0
   Elven Halls |   6.6 |   5.9 |  19.8 |  14.3 |   8.2 | 42096.0
        Vaults |  17.5 |  17.4 |  16.7 |  23.8 |  23.5 | 72185.4
        Depths |  16.3 |  16.0 |  22.9 |  19.0 |  26.7 | 82077.0
           Zot |   4.2 |   4.5 |   0.0 |   0.0 |  12.8 | 49216.0
      Ice Cave |   2.1 |   2.2 |   0.0 |   2.4 |   0.9 | 13693.0
        Wizlab |   1.4 |   1.1 |   2.1 |  19.0 |   1.0 | 15703.0
      Gauntlet |   0.4 |   0.4 |   0.0 |   0.0 |   0.3 | 4731.0
               +-------+-------+-------+-------+-------+----------------------
